[Event "ICCopen2016"]
[Site "Internet Chess Club"]
[Date "2016.06.04"]
[Round "6"]
[White "BilodeauA"]
[Black "HouseOfFun"]
[Result "0-1"]
[ICCResult "White checkmated"]
[WhiteElo "2769"]
[BlackElo "2437"]
[Opening "Scandinavian (center counter) defense"]
[ECO "B01"]
[NIC "SD.02"]
[Time "14:56:45"]
[TimeControl "180+0"]

1. e4 d5 2. exd5 Qxd5 3. Nc3 Qe5+ 4. Qe2 Qxe2+ 5. Bxe2 c6 6. Nf3 Nf6 7. O-O
Bf5 8. d3 e6 9. Nh4 Bg4 10. Nf3 Bc5 11. h3 Bh5 12. Be3 Nbd7 13. d4 Bd6 14.
Rad1 O-O 15. Rfe1 Rfe8 16. Na4 Bg6 17. Bd3 Nd5 18. Bxg6 hxg6 19. c4 Nxe3 20.
Rxe3 Rad8 21. Nc3 Bc7 22. d5 exd5 23. Rxe8+ Rxe8 24. cxd5 cxd5 25. Nxd5 Bb8
26. Nc3 Ne5 27. Nxe5 Bxe5 28. Rd7 Bxc3 29. bxc3 Re1+ 30. Kh2 Re2 31. a4 Ra2
32. Rxb7 Rxa4 33. Kg3 Ra2 34. c4 Rc2 35. Rxa7 Rxc4 36. f3 f6 37. h4 Kh7 38.
Ra6 Rb4 39. Rc6 Ra4 40. Kh3 Rb4 41. g4 Rb3 42. Kg3 Rb4 43. g5 fxg5 44. hxg5
Rb1 45. Kf4 Rb4+ 46. Kg3 Rb5 47. f4 Rb1 48. Kf3 Rf1+ 49. Ke4 Re1+ 50. Kd5
Rf1 51. Ke5 Re1+ 52. Kd6 Rf1 53. Rc4 Rd1+ 54. Ke6 Rf1 55. Kf7 Rf2 56. Re4
Rf1 57. Ke6 Rf2 58. Ke5 Rf1 59. Re3 Rf2 60. Re1 Ra2 61. Rh1+ Kg8 62. Rd1 Kh7
63. Rd5 Re2+ 64. Kd6 Re1 65. Rd4 Re2 66. Kd5 Re1 67. Re4 Rd1+ 68. Ke6 Ra1
69. Kf7 Ra7+ 70. Re7 Ra4 71. Kf8 Rxf4+ 72. Rf7 Rg4 73. Rxg7+ Kh8 74. Rxg6
Rf4+ 75. Ke7 Kh7 76. Rf6 Rg4 77. Kf7 Rxg5 78. Rf1 Rh5 79. Rg1 Rh2 80. Rg7+
Kh6 81. Kg8 Ra2 82. Rh7+ Kg6 83. Rg7+ Kf6 84. Rf7+ Ke6 85. Rg7 Ra8+ 86. Kh7
Ra1 87. Rg6+ Kf5 88. Rh6 Rg1 89. Rh5+ Kf6 90. Rh6+ Kf5 91. Rh2 Ra1 92. Rh5+
Kg4 93. Rh2 Ra7+ 94. Kh6 Ra8 95. Kh7 Ra7+ 96. Kh6 Ra6+ 97. Kh7 Ra8 98. Rh6
Kg5 99. Rg6+ Kf5 100. Rg7 Ra6 101. Rf7+ Kg5 102. Rg7+ Kh5 103. Rf7 Rh6+ 104.
Kg7 Ra6 105. Kh7 Kg4 106. Rg7+ Kf5 107. Rf7+ Ke6 108. Rg7 Ra1 109. Rg6+ Kf5
110. Rg7 Ra6 111. Rf7+ Kg5 112. Rg7+ Kh5 113. Rf7 Rh6+ 114. Kg7 Ra6 115. Kh7
Kg4 116. Rg7+ Kf5 117. Rg6 Rxg6 118. Kh8 Kf6 119. Kh7 Kf7 120. Kh8 Rh6#
{White checkmated}
0-1

[Event "ICCopen2016"]
[Site "Internet Chess Club"]
[Date "2016.06.04"]
[Round "6"]
[White "Imperator15"]
[Black "LastKeks"]
[Result "0-1"]
[ICCResult "White resigns"]
[WhiteElo "2869"]
[BlackElo "3107"]
[Opening "King's Indian: orthodox, 7...Nbd7"]
[ECO "E94"]
[NIC "KI.14"]
[Time "14:58:04"]
[TimeControl "180+0"]

1. d4 Nf6 2. c4 g6 3. Nc3 Bg7 4. e4 O-O 5. Nf3 d6 6. Be2 e5 7. O-O Nbd7 8.
Qc2 c6 9. Rd1 Qe7 10. Rb1 a5 11. b3 Re8 12. d5 Nh5 13. dxc6 bxc6 14. Ba3 Nc5
15. Na4 Nf4 16. Nb6 Rb8 17. Nxc8 Rbxc8 18. Bf1 Nfe6 19. g3 Nd4 20. Nxd4 exd4
21. Bg2 h5 22. Re1 h4 23. Rbd1 Rcd8 24. Bb2 Ne6 25. e5 dxe5 26. Bxc6 Rf8 27.
Bd5 Qf6 28. Qe4 Ng5 29. Qg4 Rxd5 30. cxd5 Nf3+ 31. Kg2 Nxe1+ 32. Rxe1 Qd6
33. Qxh4 Qxd5+ 34. Qe4 Qxe4+ 35. Rxe4 f5 36. Re1 e4 37. Rd1 d3 38. Bxg7 Kxg7
39. f3 Kf6 40. Kf2 Ke5 41. Ke3 Rc8 42. Rd2 Rc1 43. fxe4 fxe4 44. Rf2 Re1+
45. Kd2 Rg1 46. a3 Kd4 47. Rf4 Rg2+ {White resigns} 0-1

[Event "ICCopen2016"]
[Site "Internet Chess Club"]
[Date "2016.06.04"]
[Round "6"]
[White "Piranha"]
[Black "CristianS"]
[Result "0-1"]
[ICCResult "White checkmated"]
[WhiteElo "1741"]
[BlackElo "2059"]
[Opening "King's pawn game"]
[ECO "C20"]
[NIC "KP.10"]
[Time "14:58:04"]
[TimeControl "180+0"]

1. e4 e5 2. c4 Nf6 3. Nc3 Nc6 4. d3 Bc5 5. Be3 d6 6. h3 O-O 7. g4 Be6 8.
Nge2 Nd4 9. Ng3 c6 10. Be2 d5 11. Nf5 Nxe2 12. Bxc5 Nxc3 13. bxc3 Re8 14.
Qe2 dxe4 15. dxe4 Qa5 16. Bb4 Qa6 17. c5 Qxe2+ 18. Kxe2 Nxe4 19. Rad1 Bd5
20. f3 Ng5 21. Nd6 Bxf3+ 22. Ke3 Re6 23. h4 Bxd1 24. Rxd1 Nh3 25. Rh1 Nf4
26. Nxb7 Nd5+ 27. Ke4 Rb8 28. Nd6 Nxb4 29. cxb4 Rxb4+ 30. Kf5 h6 31. h5 Rf4#
{White checkmated}
0-1

[Event "ICCopen2016"]
[Site "Internet Chess Club"]
[Date "2016.06.04"]
[Round "6"]
[White "JUGGERNOT"]
[Black "kvicc"]
[Result "0-1"]
[ICCResult "White forfeits on time"]
[WhiteElo "1813"]
[BlackElo "2156"]
[Opening "Bird's opening"]
[ECO "A03"]
[NIC "VO.07"]
[Time "14:57:48"]
[TimeControl "180+0"]

1. f4 d5 2. Nf3 Nf6 3. e3 e6 4. Be2 c5 5. O-O Nc6 6. d3 Qc7 7. Qd2 Bd6 8.
Nc3 O-O 9. Nb5 Qd8 10. Nxd6 Qxd6 11. b3 a6 12. Bb2 b5 13. h3 Qe7 14. Ne5
Nxe5 15. Bxe5 Bb7 16. Bf3 Rfd8 17. Qf2 Nd7 18. Bb2 Nb6 19. Qg3 f6 20. Bg4 c4
21. bxc4 bxc4 22. h4 Na4 23. Bd4 cxd3 24. cxd3 a5 25. Rab1 Ba6 26. Rfd1 Rab8
27. Rxb8 Rxb8 28. h5 Rc8 29. h6 g6 30. Qh4 Kf7 31. e4 dxe4 32. dxe4 Rd8 33.
f5 e5 34. fxg6+ hxg6 35. h7 Rh8 36. Be3 Bb5 37. Bf5 Be2 38. Re1 gxf5 39.
Rxe2 f4 40. Qh5+ Kg7 41. Bd2 Rxh7 42. Qg4+ Kf7 43. Bxa5 Qe6 44. Qxe6+ Kxe6
45. Rc2 Rd7 46. Rc6+ Rd6 47. Rc8 Nb2 48. Bb4 Ra6 49. Re8+ Kf7 50. Re7+ Kg6
51. Re8 Nd3 52. a3 Nxb4 53. axb4 Rb6 54. Rg8+ Kf7 {White forfeits on time}
0-1

[Event "ICCopen2016"]
[Site "Internet Chess Club"]
[Date "2016.06.04"]
[Round "6"]
[White "BitsofKoin"]
[Black "Chess64"]
[Result "1-0"]
[ICCResult "Black forfeits on time"]
[WhiteElo "2344"]
[BlackElo "1761"]
[Opening "QGD semi-Slav: 5.e3"]
[ECO "D45"]
[NIC "SL.08"]
[Time "14:57:05"]
[TimeControl "180+0"]

1. d4 d5 2. Nf3 Nf6 3. c4 c6 4. Nc3 e6 5. e3 Bd6 6. Bd3 dxc4 7. Bxc4 b5 8.
Bb3 Bb7 9. O-O O-O 10. e4 Bc7 11. e5 Nd5 12. Ne4 Nd7 13. Bg5 f6 14. Bh4 Qe8
15. Re1 fxe5 16. dxe5 Nxe5 17. Nxe5 Bxe5 18. Nc5 Bxb2 19. Bxd5 cxd5 20. Rb1
Bc3 21. Rxe6 Qc8 22. Be7 Rf7 23. Qe2 Bf6 24. Nxb7 Qxb7 25. Bxf6 gxf6 26. Re1
Raf8 27. Qd2 Rg7 28. g3 Qd7 29. Qd4 Qb7 30. h4 Rg6 31. Re7 Qa6 32. Rxa7 Qd6
33. Ree7 Rc8 34. Kg2 Rf8 35. Rad7 Qc6 36. h5 Rg5 37. h6 Rg6 38. Rg7+ Rxg7
39. Rxg7+ Kh8 40. Qd3 d4+ 41. Kh2 f5 42. Qxd4 Qxh6+ 43. Kg2 Qxg7 44. Qc5
Qb7+ 45. f3 Qg7 46. Qxb5 f4 47. g4 h5 48. Qxh5+ Qh7 49. Qc5 Qg7 50. Qh5+ Kg8
51. Qd5+ Rf7 52. Qe5 Rf8 53. Qe6+ Kh7 54. Qe4+ Kg8 55. Qe6+ Qf7 56. Qe4 Qg7
57. Qh7+ Qxh7 58. Kf2 Qh2+ 59. Kf1 Qg3 60. Ke2 Qg2+ 61. Kd3 Rd8+ 62. Ke4 Rd3
63. Kf5 Qe2 64. Kg5 Qe5+ 65. Kh4 {Black forfeits on time} 1-0

[Event "ICCopen2016"]
[Site "Internet Chess Club"]
[Date "2016.06.04"]
[Round "6"]
[White "crazybishop779"]
[Black "mrneale"]
[Result "0-1"]
[ICCResult "White checkmated"]
[WhiteElo "1271"]
[BlackElo "1226"]
[Opening "Nimzo-Indian defense"]
[ECO "E20"]
[NIC "NI.30"]
[Time "14:57:19"]
[TimeControl "180+0"]

1. d4 Nf6 2. c4 e6 3. Nc3 Bb4 4. Bd2 Ne4 5. Nxe4 Bxd2+ 6. Qxd2 O-O 7. e3 d5
8. cxd5 exd5 9. Nc3 Be6 10. Bd3 a6 11. Qc2 h6 12. Nf3 b6 13. O-O c5 14. dxc5
bxc5 15. Rac1 c4 16. Bh7+ Kh8 17. Ne5 Qf6 18. Nf3 g6 19. e4 Kxh7 20. exd5
Bf5 21. Qa4 Bd3 22. Rfd1 Ra7 23. Qb4 Nd7 24. d6 Rb8 25. Qa3 Re8 26. Nd5 Qg7
27. Re1 Re6 28. Rxe6 fxe6 29. Nc7 e5 30. Nd5 e4 31. Nh4 Nf6 32. g3 Nxd5 33.
Qc5 Qf7 34. b3 cxb3 35. axb3 Rd7 36. Qc7 Nxc7 37. Rxc7 Rxc7 38. dxc7 Qxc7
39. b4 Qc1+ 40. Kg2 Qf1# {White checkmated} 0-1

[Event "ICCopen2016"]
[Site "Internet Chess Club"]
[Date "2016.06.04"]
[Round "6"]
[White "pablopizarro"]
[Black "panom"]
[Result "1-0"]
[ICCResult "Black forfeits on time"]
[WhiteElo "1958"]
[BlackElo "1656"]
[Opening "Queen's pawn, Mason variation, Steinitz counter-gambit"]
[ECO "D00"]
[NIC "QP.08"]
[Time "14:56:58"]
[TimeControl "180+0"]

1. d4 d5 2. Bf4 c5 3. e3 Nc6 4. Nf3 Qb6 5. Nc3 e6 6. Na4 Qa5+ 7. c3 cxd4 8.
exd4 Nf6 9. b4 Qd8 10. b5 Na5 11. Ne5 Nd7 12. Bd3 Nxe5 13. Bxe5 f6 14. Qh5+
g6 15. Bxg6+ hxg6 16. Qxh8 fxe5 17. Qxe5 Qd6 18. Qf6 Qa3 19. Qxg6+ Kd8 20.
Qc2 Nc4 21. O-O Bd7 22. Rfb1 Qd6 23. Nc5 Rb8 24. Qh7 Qe7 25. Qh8 b6 26. Nd3
Kc7 27. Ne5 Nxe5 28. Qxe5+ Qd6 29. Qxd6+ Bxd6 30. g3 Rf8 31. f4 Rg8 32. Kf2
Rh8 33. h4 Be8 34. a4 Bg6 35. Rb2 Bf5 36. a5 Kb7 37. axb6 axb6 38. Ra6 Bg4
39. Rba2 Bb8 40. Ra8 Rh7 41. R8a4 Rd7 42. Ra1 Rc7 43. R4a3 Rd7 44. Re1 Rc7
45. Rh1 Rh7 46. Ke3 Rh5 47. Raa1 Rh7 48. Rae1 Bf5 49. Kd2 Bd6 50. Reg1 Rg7
51. h5 Rh7 52. Rh4 Be7 53. Rh2 Bf6 54. g4 Be4 55. g5 Be7 56. h6 Bf5 57. g6
Bxg6 58. Rxg6 Bf8 59. Rhg2 Bxh6 60. Rxe6 Bf8 61. Rgg6 Kc7 62. Rc6+ Kb7 63.
Rxb6+ Ka7 64. Ra6+ Kb7 65. Rab6+ Kc7 66. Rbc6+ Kd7 67. b6 Ke7 68. Rc7+ Ke8
69. Rxh7 Kd8 70. Re6 {Black forfeits on time} 1-0

[Event "ICCopen2016"]
[Site "Internet Chess Club"]
[Date "2016.06.04"]
[Round "6"]
[White "Eros"]
[Black "Alright2015"]
[Result "1-0"]
[ICCResult "Black checkmated"]
[WhiteElo "2721"]
[BlackElo "2105"]
[Opening "Scandinavian (center counter) defense"]
[ECO "B01"]
[NIC "SD.01"]
[Time "14:57:36"]
[TimeControl "180+0"]

1. e4 d5 2. exd5 Qxd5 3. Nc3 Qa5 4. Bc4 c6 5. d3 Nf6 6. h3 Bf5 7. g4 Bg6 8.
f4 e6 9. Bd2 Bb4 10. a3 Bxc3 11. Bxc3 Qc7 12. Qf3 Nbd7 13. O-O-O O-O-O 14.
Ne2 Nb6 15. Bb3 Nbd5 16. Be5 Qb6 17. Kb1 Rhg8 18. Bd4 c5 19. Bf2 Qc7 20. Bg3
Qb6 21. Rhe1 h5 22. Ka2 hxg4 23. hxg4 Qa6 24. Bf2 Qc6 25. Ka1 Kb8 26. Ng3
Bh7 27. f5 exf5 28. Nxf5 Bxf5 29. gxf5 Rc8 30. Re5 Rgd8 31. c4 Nb4 32. Qg3
Na6 33. Rxc5+ Qd6 34. Rxc8+ Kxc8 35. Qxd6 Rxd6 36. c5 Rd8 37. Bxf7 Nc7 38.
d4 Rf8 39. Bc4 Nfd5 40. Bd3 Nf4 41. Bb1 Ncd5 42. Bg3 Nh5 43. Be5 Nhf6 44.
Rg1 Ne7 45. Rxg7 Nfd5 46. f6 Nc6 47. Bf5+ Kd8 48. Rd7+ Ke8 49. Rxd5 Kf7 50.
Rd7+ Ke8 51. Rxb7 Nd8 52. Re7# {Black checkmated} 1-0

[Event "ICCopen2016"]
[Site "Internet Chess Club"]
[Date "2016.06.04"]
[Round "6"]
[White "Badigo"]
[Black "kamalchandran"]
[Result "1-0"]
[ICCResult "Black resigns"]
[WhiteElo "2183"]
[BlackElo "1860"]
[Opening "Four knights: symmetrical variation"]
[ECO "C49"]
[NIC "KP.03"]
[Time "14:57:43"]
[TimeControl "180+0"]

1. e4 e5 2. Nf3 Nc6 3. Nc3 Nf6 4. Bb5 Bb4 5. O-O O-O 6. d3 d6 7. Bg5 h6 8.
Bh4 Qe7 9. Nd5 Qe6 10. Bxf6 gxf6 11. Bxc6 bxc6 12. Nxb4 a5 13. Nxc6 Bd7 14.
Nxa5 Rxa5 15. c4 Rb8 16. Qd2 Ra6 17. b4 h5 18. b5 Ra3 19. Nh4 Qg4 20. g3
Rba8 21. f3 Qh3 22. Rf2 c6 23. b6 Rb8 24. Rb1 Ra6 25. Qh6 Rbxb6 26. Rbf1 Ra3
27. Qxf6 Rxd3 28. Qd8+ Kg7 29. Qxb6 Qe6 30. Qd8 c5 31. Nf5+ Kh7 32. Qg5 Qg6
33. Qxg6+ fxg6 34. Ne7 Rc3 35. Rd1 Bh3 36. a4 Rxc4 37. Ra2 Rb4 38. a5 c4 39.
a6 Rb8 40. a7 Ra8 41. Nd5 Be6 42. Nb6 c3 43. Ra3 c2 44. Rc1 Bb3 45. Nxa8
{Black resigns}
1-0

[Event "ICCopen2016"]
[Site "Internet Chess Club"]
[Date "2016.06.04"]
[Round "6"]
[White "drsigmund1"]
[Black "DaveyJones"]
[Result "0-1"]
[ICCResult "White forfeits on time"]
[WhiteElo "1283"]
[BlackElo "1518"]
[Opening "Dutch"]
[ECO "A80"]
[NIC "HD.12"]
[Time "14:57:18"]
[TimeControl "180+0"]

1. d4 f5 2. Nf3 g6 3. Bf4 Nf6 4. e3 Bg7 5. Be2 O-O 6. Nbd2 d6 7. c3 Qe8 8.
Bc4+ Kh8 9. Ng5 d5 10. Bd3 h6 11. Ngf3 c6 12. Ne5 Nbd7 13. Qf3 Nxe5 14. Bxe5
Ne4 15. Bxg7+ Kxg7 16. Qf4 Qf7 17. Nf3 g5 18. Qe5+ Qf6 19. Qc7 f4 20. O-O-O
Bg4 21. Rdf1 Rfc8 22. Qe5 Bxf3 23. Qxf6+ Nxf6 24. gxf3 fxe3 25. fxe3 c5 26.
f4 cxd4 27. exd4 g4 28. Rhg1 h5 29. h3 Rg8 30. Bf5 Kf8 31. Re1 g3 32. Re2 h4
33. Rge1 Rg7 34. Rg2 Nh5 35. Reg1 Nxf4 {White forfeits on time} 0-1

[Event "ICCopen2016"]
[Site "Internet Chess Club"]
[Date "2016.06.04"]
[Round "6"]
[White "Dare-Dare"]
[Black "awesome5123"]
[Result "1-0"]
[ICCResult "Black checkmated"]
[WhiteElo "1881"]
[BlackElo "1642"]
[Opening "Sicilian: Pelikan, Chelyabinsk variation"]
[ECO "B32"]
[NIC "SI.37"]
[Time "14:57:52"]
[TimeControl "180+0"]

1. e4 c5 2. Nf3 Nc6 3. d4 cxd4 4. Nxd4 e5 5. Nb5 Nf6 6. N1c3 d6 7. Bg5 a6 8.
Na3 b5 9. Nd5 Be7 10. Bxf6 Bxf6 11. c3 O-O 12. Nc2 Be6 13. Be2 Bxd5 14. Qxd5
Ne7 15. Qb3 Qb6 16. a4 Rab8 17. axb5 axb5 18. O-O Ng6 19. Ne3 Nf4 20. Nd5
Nxe2+ 21. Kh1 Qd8 22. g3 Nf4 23. gxf4 exf4 24. Nxf4 Be5 25. Ng2 Bf6 26. f4
h6 27. Rae1 Re8 28. Qd5 Qb6 29. e5 dxe5 30. fxe5 Rbd8 31. Qf3 Bxe5 32. Qxf7+
Kh8 33. Re4 Qe6 34. Qxe6 Rxe6 35. Rfe1 Rde8 36. Nf4 Rf6 37. Nd5 Rfe6 38. Nc7
Bxc7 39. Rxe6 Rxe6 40. Rxe6 Bf4 41. Rb6 Kg8 42. Rxb5 Kf7 43. c4 Ke6 44. c5
Bc7 45. b4 Kd7 46. Rb7 Kc6 47. Ra7 Be5 48. Ra3 Kb5 49. Rb3 Bf4 50. Rb1 Bd2
51. Kg2 Bxb4 52. Rxb4+ Kxc5 53. Rg4 g5 54. h4 Kd5 55. hxg5 hxg5 56. Rxg5+
Ke6 57. Kf3 Kf6 58. Kf4 Kf7 59. Kf5 Ke7 60. Rg6 Kf7 61. Ra6 Ke8 62. Ra7 Kd8
63. Ke6 Kc8 64. Rf7 Kb8 65. Kd6 Ka8 66. Kc6 Kb8 67. Rh7 Kc8 68. Rh8#
{Black checkmated}
1-0

[Event "ICCopen2016"]
[Site "Internet Chess Club"]
[Date "2016.06.04"]
[Round "6"]
[White "chadvalley"]
[Black "e8thatcat"]
[Result "1-0"]
[ICCResult "Black forfeits on time"]
[WhiteElo "1255"]
[BlackElo "1391"]
[Opening "Scandinavian (center counter) defense"]
[ECO "B01"]
[NIC "VO.17"]
[Time "14:57:48"]
[TimeControl "180+0"]

1. e4 d5 2. exd5 Qxd5 3. d3 Nf6 4. Nf3 Bg4 5. Be2 e6 6. Nc3 Qa5 7. Bd2 c6 8.
Ne4 Qd8 9. Nxf6+ Qxf6 10. Bc3 Qd8 11. O-O Nd7 12. Nd2 Bf5 13. Bf3 Nf6 14.
Re1 Be7 15. h3 O-O 16. Bxf6 Bxf6 17. Rb1 Qc7 18. Bg4 Bxg4 19. Qxg4 Rad8 20.
Ne4 Be7 21. Qg3 Qxg3 22. fxg3 Bd6 23. g4 Bc7 24. b3 Bb6+ 25. Kf1 f5 26. gxf5
Rxf5+ 27. Ke2 Rdf8 28. Rf1 Rxf1 29. Rxf1 Rxf1 30. Kxf1 Bc7 31. Ke2 b6 32.
Kf3 h6 33. c4 Kf7 34. g4 g5 35. Ng3 Bxg3 36. Kxg3 Kf6 37. Kf3 Ke5 38. Ke3 c5
39. a3 a6 40. b4 cxb4 41. d4+ Kd6 42. axb4 a5 43. bxa5 bxa5 44. c5+ Kd5 45.
Kd3 e5 46. dxe5 Kxe5 47. Kc4 Ke6 48. Kb5 Kd5 49. c6 Kd6 50. Kb6 a4 51. c7
Kd7 52. Kb7 a3 53. c8=Q+ Kd6 54. Qc1 a2 55. Qa1 Kd5 56. Qxa2+ Ke4 57. Qg8
Kf3 58. Qh7 {Black forfeits on time} 1-0

[Event "ICCopen2016"]
[Site "Internet Chess Club"]
[Date "2016.06.04"]
[Round "6"]
[White "jbrongkos"]
[Black "Palenque"]
[Result "0-1"]
[ICCResult "White forfeits on time"]
[WhiteElo "1812"]
[BlackElo "1654"]
[Opening "English opening"]
[ECO "A21"]
[NIC "EO.22"]
[Time "14:57:01"]
[TimeControl "180+0"]

1. c4 e5 2. Nc3 d6 3. g3 Nc6 4. Bg2 g6 5. Nf3 Bg7 6. O-O Nge7 7. h3 h6 8. e3
O-O 9. d4 f5 10. d5 Nb8 11. Ne1 g5 12. f4 gxf4 13. exf4 Nd7 14. Nd3 e4 15.
Ne1 a5 16. Nc2 Nc5 17. Be3 Nd3 18. Bd4 Nxb2 19. Qe2 Nd3 20. Bxg7 Kxg7 21.
Qe3 Ng6 22. Nd4 Qf6 23. Rad1 c5 24. Ndb5 Nb2 25. Qe2 Nxd1 26. Rxd1 Bd7 27.
Qd2 h5 28. Nc7 Rac8 29. Ne6+ Bxe6 30. dxe6 Qxe6 31. Qxd6 Qxd6 32. Rxd6 Rfd8
33. Rb6 Rc7 34. Nd5 Rcd7 35. Kf2 Ne7 36. Ne3 Nc6 37. Nxf5+ Kf6 38. Bxe4 Rd2+
39. Ke3 Rxa2 40. g4 hxg4 41. hxg4 Ra3+ 42. Ke2 Rd7 43. g5+ Kf7 44. Bd5+ Kg6
45. Nh4+ Kh5 46. Nf3 Nd4+ 47. Nxd4 cxd4 48. Bf3+ Kh4 49. Rh6+ Kg3 50. Bd5
Kxf4 51. g6 Kg5 52. Rh7 Rxd5 53. cxd5 Kxg6 54. Rxb7 Re3+ 55. Kd2 a4 56. Rb4
a3 57. Rxd4 Rb3 58. Ra4 Kf7 59. Kc2 Rh3 {White forfeits on time} 0-1

[Event "ICCopen2016"]
[Site "Internet Chess Club"]
[Date "2016.06.04"]
[Round "6"]
[White "manneredmonkey"]
[Black "Art"]
[Result "0-1"]
[ICCResult "White checkmated"]
[WhiteElo "1668"]
[BlackElo "2180"]
[Opening "Réti opening"]
[ECO "A11"]
[NIC "RE.05"]
[Time "14:58:03"]
[TimeControl "180+0"]

1. Nf3 d5 2. c4 c6 3. g3 Nf6 4. Bg2 Bg4 5. Ne5 Bh5 6. d4 e6 7. Qb3 Qb6 8.
O-O Bxe2 9. Re1 Bxc4 10. Nxc4 Qxb3 11. axb3 dxc4 12. bxc4 Be7 13. Be3 Nbd7
14. h3 O-O 15. Nc3 a6 16. Red1 Rfd8 17. Bf4 g6 18. Bc7 Rdc8 19. Ba5 Bf8 20.
Ne2 Bg7 21. Bc3 Rd8 22. Ba5 Rdc8 23. Bc3 Ne8 24. Nf4 Ndf6 25. Nd3 Nd7 26.
Nf4 Nd6 27. b3 Nf5 28. Ne2 h5 29. g4 hxg4 30. hxg4 Ne7 31. Bf3 Nf6 32. Ng3
Rd8 33. g5 Nh7 34. Ne4 Nf5 35. Ba5 Rxd4 36. Rxd4 Nxd4 37. Nf6+ Bxf6 38. gxf6
Nxf3+ 39. Kg2 Nd4 40. Rb1 Nxf6 41. Bb6 e5 42. f4 Nd7 43. Ba5 exf4 44. Bc3 c5
45. b4 b6 46. bxc5 bxc5 47. Rb7 Ne5 48. Rc7 Ne6 49. Re7 Nxc4 50. Kf3 Nb6 51.
Rb7 Nd5 52. Be5 a5 53. Rb1 a4 54. Ra1 a3 55. Kg4 a2 56. Rh1 f6 57. Ba1 Nb4
58. Re1 Kf7 59. Rd1 Nc2 60. Rd7+ Ke8 61. Rd1 Nxa1 62. Rxa1 c4 63. Kf3 Kf7
64. Ke2 f5 65. Kd2 Kf6 66. Kc3 g5 67. Kxc4 Ra7 68. Kd5 g4 69. Kc4 g3 70. Kd3
f3 71. Ke3 Ng5 72. Kf4 g2 73. Kg3 Ra3 74. Kf2 Ke5 75. Kg1 Kf4 76. Kf2 Kg4
77. Kg1 Kg3 78. Rxa2 f2+ 79. Rxf2 Ra1+ 80. Rf1 Rxf1# {White checkmated} 0-1

[Event "ICCopen2016"]
[Site "Internet Chess Club"]
[Date "2016.06.04"]
[Round "6"]
[White "xavielhumilde"]
[Black "jc-arias"]
[Result "1/2-1/2"]
[ICCResult "Game drawn because neither player has mating material"]
[WhiteElo "1703"]
[BlackElo "2143"]
[Opening "French: Steinitz, Boleslavsky variation"]
[ECO "C11"]
[NIC "FR.04"]
[Time "14:57:29"]
[TimeControl "180+0"]

1. e4 e6 2. d4 d5 3. Nc3 Nf6 4. e5 Nfd7 5. f4 c5 6. Nf3 Nc6 7. Be3 Be7 8.
Qd2 O-O 9. dxc5 Nxc5 10. O-O-O Qa5 11. Kb1 Bd7 12. Nxd5 exd5 13. Qxa5 Nxa5
14. Bxc5 Bxc5 15. Rxd5 Be3 16. Rxd7 Bxf4 17. Bd3 Rfd8 18. Rxd8+ Rxd8 19. Re1
Nc6 20. g3 Bh6 21. a3 g6 22. e6 fxe6 23. Rxe6 Bf8 24. Ne5 Nxe5 25. Rxe5 Rd7
26. Bc4+ Kg7 27. Bd3 Kf6 28. Re1 Bh6 29. Ka2 Bd2 30. Rf1+ Kg7 31. Kb3 Be3
32. Bc4 Bb6 33. Be6 Re7 34. Bd5 Rd7 35. c4 Re7 36. Kc3 Bc5 37. b4 Bd6 38. c5
Be5+ 39. Kc4 Bf6 40. b5 Re3 41. Bxb7 Rxa3 42. Rd1 Rc3+ 43. Kb4 Rc2 44. Rd7+
Kf8 45. c6 Be7+ 46. Kb3 Rc5 47. c7 Rxb5+ 48. Kc4 Rc5+ 49. Kd4 a5 50. c8=Q+
Rxc8 51. Bxc8 Ke8 52. Ra7 Bb4 53. Ra6 Kf7 54. Be6+ Ke7 55. Kc4 Be1 56. Bg8
a4 57. Bxh7 g5 58. Bf5 Bd2 59. Rxa4 Kf6 60. Ra6+ Ke5 61. Ra5+ Kf6 62. Rb5
Be3 63. Be4 g4 64. Rg5 Kxg5 65. Bc6 Bg1 66. Bd7 Bxh2 67. Bxg4 Bxg3
{Game drawn because neither player has mating material}
1/2-1/2

[Event "ICCopen2016"]
[Site "Internet Chess Club"]
[Date "2016.06.04"]
[Round "6"]
[White "klodshans"]
[Black "muhit"]
[Result "1-0"]
[ICCResult "Black forfeits on time"]
[WhiteElo "1609"]
[BlackElo "1817"]
[Opening "Queen's pawn: London system"]
[ECO "A45"]
[NIC "QP.07"]
[Time "14:57:17"]
[TimeControl "180+0"]

1. d4 Nf6 2. Bf4 d5 3. e3 e6 4. Nf3 Bd6 5. Ne5 O-O 6. Nd2 c5 7. c3 Nc6 8.
Ndf3 Qc7 9. Bd3 b6 10. Qc2 Bb7 11. h4 h6 12. g4 Bxe5 13. Nxe5 Nxe5 14. Bxe5
Qe7 15. g5 hxg5 16. hxg5 Ne4 17. f3 Qxg5 18. O-O-O c4 19. Bxe4 dxe4 20. f4
Qf5 21. Rdg1 f6 22. Bd6 Rfd8 23. Ba3 Kf7 24. Qg2 Rg8 25. Qh3 Qxh3 26. Rxh3
Rh8 27. Rgh1 Rxh3 28. Rxh3 Bc6 29. b3 Bd5 30. b4 b5 31. Kd2 Kg6 32. Rg3+ Kf7
33. Bc1 a5 34. a3 axb4 35. axb4 Ra2+ 36. Kd1 Bc6 37. Rh3 Kg8 38. Bd2 Be8 39.
Ke1 Bg6 40. Rh2 Bf5 41. Rg2 Bh3 42. Rh2 Ra1+ 43. Kf2 Bg4 44. Kg3 Bf5 45. Rg2
Rh1 46. Kf2 g6 47. Be1 Kg7 48. Rg1 Rh2+ 49. Rg2 Rh3 50. Kg1 Rxe3 51. Bf2
Rxc3 52. d5 exd5 53. Bc5 e3 54. Re2 Be4 55. Bxe3 Rb3 56. Bc5 f5 57. Kf2 Kf6
58. Ke1 Rd3 59. Kf2 d4 60. Bd6 c3 61. Be5+ Ke6 62. Rc2 Kd5 63. Ke2 Kc4 64.
Bf6 {Black forfeits on time} 1-0

[Event "ICCopen2016"]
[Site "Internet Chess Club"]
[Date "2016.06.04"]
[Round "6"]
[White "HuevosDeLeon"]
[Black "B-Amin"]
[Result "0-1"]
[ICCResult "White resigns"]
[WhiteElo "2674"]
[BlackElo "2931"]
[Opening "Queen's pawn"]
[ECO "A40"]
[NIC "QO.17"]
[Time "14:57:29"]
[TimeControl "180+0"]

1. d4 e6 2. Nf3 f5 3. c4 Nf6 4. Nc3 Be7 5. Bf4 O-O 6. e3 b6 7. Qc2 Bb7 8.
Bd3 Bb4 9. O-O-O Bxc3 10. Qxc3 Ne4 11. Qc2 d6 12. h4 h6 13. Ng1 Nd7 14. f3
Nef6 15. Bg3 Qe7 16. Ne2 Nh5 17. Bf2 c5 18. Kb1 Rac8 19. Qd2 Kh8 20. Ka1
cxd4 21. exd4 d5 22. Rc1 dxc4 23. Bxc4 Ndf6 24. Rhe1 Bd5 25. Bxd5 Nxd5 26.
Nc3 Nhf4 27. Nxd5 Nxd5 28. Bg3 Rxc1+ 29. Rxc1 f4 30. Bf2 a5 31. a3 Qd7 32.
Qd3 Rc8 33. Rc4 Rxc4 34. Qxc4 Qc7 35. Qxc7 Nxc7 36. a4 g5 37. hxg5 hxg5 38.
b3 Nd5 39. Kb2 Kg7 40. Be1 Kg6 41. b4 axb4 42. Kb3 Kf5 43. Bxb4 Ne3 44. Bd6
Nxg2 45. Bc7 g4 46. fxg4+ Ke4 47. Bxb6 f3 48. d5 exd5 49. a5 Ne3 50. a6 f2
51. Bxe3 f1=Q 52. a7 Qb5+ 53. Kc2 Qa4+ 54. Kd2 Qa2+ 55. Kc1 Kxe3 {White
resigns} 0-1

[Event "ICCopen2016"]
[Site "Internet Chess Club"]
[Date "2016.06.04"]
[Round "6"]
[White "Cafka36"]
[Black "SIRPALADIN"]
[Result "0-1"]
[ICCResult "White resigns"]
[WhiteElo "1199"]
[BlackElo "1906"]
[Opening "Sicilian: Grand Prix attack"]
[ECO "B21"]
[NIC "SI.48"]
[Time "15:00:18"]
[TimeControl "180+0"]

1. e4 c5 2. f4 d5 3. e5 Bf5 4. d3 e6 5. h3 h6 6. Be2 Qh4+ 7. Kf1 Nc6 8. Nf3
Qe7 9. g4 Bh7 10. c4 O-O-O 11. Bd2 Kb8 12. a3 dxc4 13. dxc4 Nd4 14. Qe1 Nxe2
15. Qxe2 Bd3 16. Qxd3 Rxd3 17. Nc3 Rxf3+ 18. Kg2 Rd3 19. Rad1 a6 20. Na4 Qc7
21. Nc3 Ne7 22. Ne4 Nc6 23. Nd6 Bxd6 24. exd6 Qxd6 25. Rhe1 Rxd2+ 26. Kg3
Rxd1 {White resigns} 0-1

[Event "ICCopen2016"]
[Site "Internet Chess Club"]
[Date "2016.06.04"]
[Round "6"]
[White "eltigrecu"]
[Black "xvannix"]
[Result "1-0"]
[ICCResult "Black forfeits on time"]
[WhiteElo "2088"]
[BlackElo "1725"]
[Opening "Levitsky attack (Queen's bishop attack)"]
[ECO "D00"]
[NIC "QP.08"]
[Time "14:56:39"]
[TimeControl "180+0"]

1. d4 d5 2. Bg5 c6 3. c3 Bf5 4. Nd2 Nd7 5. e3 Ngf6 6. Ngf3 e6 7. Nh4 Be7 8.
Nxf5 exf5 9. Bd3 Ne4 10. Bxe7 Qxe7 11. Nf3 O-O 12. O-O a5 13. Qc2 b5 14. a3
a4 15. Nd2 Kh8 16. Rae1 g5 17. f3 Nxd2 18. Qxd2 Qf6 19. Qc2 c5 20. Bxf5 Rad8
21. Bxh7 c4 22. f4 Qh6 23. Bf5 Nf6 24. fxg5 Qxg5 25. Rf3 Nh5 26. Rh3 Kg7 27.
e4 dxe4 28. Bxe4 Rh8 29. Bf3 Kf8 30. Qe2 Nf4 31. Rxh8+ Kg7 32. Qe5+ Qxe5 33.
Rxe5 Rxh8 34. Rxb5 Nd3 35. Rb7 Re8 36. h3 Re1+ 37. Kh2 Rb1 38. Bd5 Kg6 39.
Bxf7+ Kf6 40. Bxc4 Rxb2 41. Rf7+ Kg6 42. Rf8 Ne1 43. Bd5 Rc2 44. c4 Rd2 45.
Rf4 Kg5 46. Rg4+ Kf5 47. c5 Nd3 48. Be4+ Kf6 49. Bxd3 Rxd3 50. c6 Ke6 51.
Rg7 Rxd4 52. c7 Rc4 53. Rg4 Rc2 54. Rxa4 Kd7 55. Ra7 Rc3 56. h4 Rc2 57. Kh3
Rc4 58. g3 Kc8 59. a4 Rc3 60. a5 Rc4 61. a6 Ra4 62. h5 Ra5 63. Kh4 Ra4+ 64.
g4 Ra1 65. h6 Rb1 66. Kg5 Rb5+ 67. Kg6 Rb6+ 68. Kg7 Rd6 69. g5 Rd7+ 70. Kg8
Rd6 71. h7 Rg6+ 72. Kf7 Rh6 73. gxh6 Kd7 74. h8=Q {Black forfeits on time}
1-0